 Dungeon Sprint DCSS version 0.19.1 (webtiles) character file.

1778 equalderp2856 the Ripper (level 8, -7/41 HPs)
             Began as a Felid Fighter on Nov 27, 2016.
             Mangled by a moth of wrath (12 damage)
             ... in the Dungeon (Sprint IX: "|||||||||||||||||||||||||||||").
             The game lasted 00:17:08 (3025 turns).

equalderp2856 the Ripper (Felid Fighter)            Turns: 3025, Time: 00:17:09

Health: -7/41      AC:  4    Str: 16    XL:     8   Next: 81%
Magic:  9/9        EV: 30    Int: 12    God:    Xom [....*.]
Gold:   425        SH:  0    Dex: 18    Spells: 0 memorised, 7 levels left
                                        Lives:  0   Deaths: 2

rFire  . . .     SeeInvis +       - Unarmed
rCold  . . .     Gourm    .     (armour unavailable)
rNeg   . . .     Faith    .     (shield unavailable)
rPois  .         Spirit   .     (helmet unavailable)
rElec  .         Reflect  .     (cloak unavailable)
rCorr  .         Harm     .     (gloves unavailable)
MR     +....     NoTele   +     (boots unavailable)
Stlth  +++++++...               (no amulet)
                                n - +2 ring of protection
                                m - +3 ring of strength

@: quick
A: no armour, no weapons or thrown items, stealth, claws 1, fangs 3, see
invisible, agile 1, blink, carnivore 3, speed 1, sense surroundings 1, shaggy
fur 2, slow metabolism 1, sharp paws
a: Blink, Renounce Religion


You were in the Dungeon.
You worshipped Xom.
You were a beloved toy of Xom.
You were not hungry.

You visited 1 branch You collected 425 gold pieces.

Inventory:

Jewellery
 m - a +3 ring of strength (left paw)
 n - a +2 ring of protection (right paw)
 o - a +3 ring of slaying
Wands
 l - a wand of iceblast (7/15)
Scrolls
 h - 3 scrolls of blinking
 j - 4 scrolls of remove curse
 k - 2 scrolls of amnesia
 p - a scroll of identify
Potions
 a - 2 potions of might
 c - 3 potions of curing
 e - 3 potions of haste
 f - 4 potions of magic
 g - 2 potions of berserk rage
 i - a potion of invisibility
 q - 2 potions of lignification
Comestibles
 b - 13 meat rations


   Skills:
 + Level 8.4 Fighting
 + Level 13.4 Dodging
 + Level 16.8 Stealth
 + Level 18.3 Unarmed Combat


You had 7 spell levels left.
You didn't know any spells.

Dungeon Overview and Level Annotations

Branches:
Dungeon (1/1)

Altars:
Cheibriados
Dithmenos
Elyvilon
Fedhas
Gozag
Hepliaklqana
Kikubaaqudgha
Makhleb
Nemelex Xobeh
Okawaru
Qazlal
Ru
Sif Muna
Trog
Uskayaw
Vehumet
Xom
Yredelemnul
Zin
The Shining One
Beogh
Jiyva
Lugonu


Innate Abilities, Weirdness & Mutations

You cannot wear armour.
You are incapable of wielding weapons or throwing items.
Your paws allow you to move quietly. (Stealth)
You have sharp claws.
You have razor-sharp teeth.
You have supernaturally acute eyesight. (SInv)
You are carnivorous and can eat meat at any time.
You cover ground quickly.
You are covered in thick fur. (AC +2)
You have a slow metabolism.
Your sharp claws are effective at attacking unaware monsters.
You are agile. (Dex +2)
You can translocate small distances at will.
You passively map a small area around you.


Message History

The orc warrior completely misses you.
You barely miss the orc sorcerer.
The orc sorcerer is heavily wounded.
The orc sorcerer hits you but does no damage.
You closely miss the orc sorcerer.
The orc sorcerer is heavily wounded.
You hear Xom's avuncular chuckle.
The orc sorcerer evaporates and reforms as a moth of wrath!
The orc warrior hits you from afar with a +1 trident of piercing!
* * * LOW HITPOINT WARNING * * *
You claw the moth of wrath! You bite the moth of wrath.
The moth of wrath is moderately wounded.
The moth of wrath closely misses you.
You mangle the moth of wrath!! You bite the moth of wrath.
The moth of wrath is almost dead.
The orc warrior hits you from afar with a +1 trident of piercing.
* * * LOW HITPOINT WARNING * * *
x2 The moth of wrath bites you!
You die...
Xom titters!

* *∆
▓o▓.▓.▓.▓'▓ *
,▓)▓.▓.▓.▓.▓ ,
,▓.▓.▓.▓.▓.▓ *
* ▓)▓.▓÷▓.▓(▓
* ▓.▓.▓.▓†▓.▓
*
*,▓o▓.▓.▓.▓)▓
, ,▓o▓.▓.▓.▓'▓
▓y▓.▓.▓.▓.▓ ,
,▓@▓.▓.▓.▓.▓ *
*,*
▓.▓.▓.▓.▓.▓ *
▓...▓...▓<▓ *
***▓▓▓▓▓▓▓▓▓▓▓


You could see a moth of wrath and 2 orc warriors.

Vanquished Creatures
  An orc knight (D)
  A cyclops (D)
  A black mamba (D)
  3 spiny frogs (D)
  A rime drake (D)
  2 komodo dragons (D)
  A tyrant leech (D)
  A two-headed ogre (D)
  3 blink frogs (D)
  2 hippogriffs (D)
  A shadow (D)
  2 vampire mosquitoes (D)
  A soldier ant (D)
  2 water moccasins (D)
  5 porcupines (D)
  4 orc warriors (D)
  2 sky beasts (D)
  A crocodile (D)
  5 bullfrogs (D)
  An orc priest (D)
  A hound (D)
  An orc wizard (D)
  A worker ant (D)
  An adder (D)
  4 adder skeletons (D)
  7 orcs (D)
  2 giant cockroaches (D)
  A goblin (D)
  A kobold (D)
  A quokka (D)
  A bat (D)
  A leopard gecko zombie (D)
62 creatures vanquished.

Vanquished Creatures (collateral kills)
  Harold (D)
  2 orc priests (D)
3 creatures vanquished.

Vanquished Creatures (others)
  A dancing weapon (D)
  A ball lightning (D)
2 creatures vanquished.

Grand Total: 67 creatures vanquished

Notes
Turn   | Place    | Note
-------+----------+-------------------------------------------
     0 | D        | equalderp2856 the Felid Fighter began the quest for the Orb.
     0 | D        | Reached XP level 1. HP: 10/10 MP: 2/2
    35 | D        | Noticed a hound
    35 | D        | Noticed a worker ant
    39 | D        | Reached skill level 5 in Unarmed Combat
    39 | D        | Reached XP level 2. HP: 12/14 MP: 3/3
   360 | D        | Reached skill level 5 in Dodging
   360 | D        | Reached skill level 1 in Stealth
   360 | D        | Reached skill level 6 in Unarmed Combat
   360 | D        | Reached XP level 3. HP: 10/18 MP: 4/4
   369 | D        | Reached skill level 7 in Unarmed Combat
   552 | D        | Found a roughly hewn altar of Beogh.
   552 | D        | Found a snail-covered altar of Cheibriados.
   552 | D        | Found a shadowy altar of Dithmenos.
   552 | D        | Found a white marble altar of Elyvilon.
   552 | D        | Found a blossoming altar of Fedhas.
   552 | D        | Found an opulent altar of Gozag.
   553 | D        | Found a hazy altar of Hepliaklqana.
   554 | D        | Found a viscous altar of Jiyva.
   555 | D        | Found an ancient bone altar of Kikubaaqudgha.
   556 | D        | Found a corrupted altar of Lugonu.
   557 | D        | Found a burning altar of Makhleb.
   558 | D        | Found a sparkling altar of Nemelex Xobeh.
   559 | D        | Found an iron altar of Okawaru.
   574 | D        | Found a stormy altar of Qazlal.
   575 | D        | Found a sacrificial altar of Ru.
   576 | D        | Found a deep blue altar of Sif Muna.
   577 | D        | Found a bloodstained altar of Trog.
   578 | D        | Found a hide-covered altar of Uskayaw.
   579 | D        | Found a radiant altar of Vehumet.
   580 | D        | Found a shimmering altar of Xom.
   581 | D        | Found a basalt altar of Yredelemnul.
   582 | D        | Found a glowing silver altar of Zin.
   583 | D        | Found a glowing golden altar of the Shining One.
   796 | D        | Became a worshipper of Xom of Chaos
   823 | D        | Noticed a bullfrog
   823 | D        | Noticed a bullfrog
   823 | D        | Noticed a soldier ant
   825 | D        | Reached XP level 4. HP: 22/22 MP: 5/5
   827 | D        | Killed a soldier ant
   827 | D        | Reached skill level 5 in Fighting
   827 | D        | Reached skill level 9 in Unarmed Combat
   827 | D        | Reached XP level 5. HP: 26/26 MP: 6/6
   829 | D        | Reached skill level 5 in Stealth
   832 | D        | Reached skill level 10 in Unarmed Combat
   832 | D        | Gained mutation: You are covered in thick fur. (AC +2) [Felid growth]
   832 | D        | Reached XP level 6. HP: 26/31 MP: 7/7
   884 | D        | Noticed a cyclops
   884 | D        | Noticed a sky beast
   884 | D        | Noticed a two-headed ogre
   884 | D        | Noticed a shadow
   884 | D        | Noticed a sky beast
   886 | D        | Killed a sky beast
   886 | D        | Reached skill level 11 in Unarmed Combat
   888 | D        | Killed a shadow
   888 | D        | Reached XP level 7. HP: 35/35 MP: 8/8
   890 | D        | Killed a two-headed ogre
   890 | D        | Reached skill level 12 in Unarmed Combat
   891 | D        | XOM: potion effect (haste)
   900 | D        | Killed a cyclops
   900 | D        | Reached skill level 10 in Stealth
   900 | D        | Reached skill level 13 in Unarmed Combat
   900 | D        | Reached XP level 8. HP: 31/40 MP: 9/9
  1068 | D        | Noticed a hippogriff
  1068 | D        | Noticed a komodo dragon
  1068 | D        | Noticed a spiny frog
  1070 | D        | Noticed a komodo dragon
  1199 | D        | XOM: divination: detect items
  1300 | D        | Killed a spiny frog
  1300 | D        | Reached skill level 10 in Dodging
  1300 | D        | Reached skill level 14 in Unarmed Combat
  1315 | D        | Killed a komodo dragon
  1316 | D        | Reached XP level 9. HP: 43/43 MP: 10/10
  1326 | D        | XOM: potion effect (might)
  1360 | D        | Killed a komodo dragon
  1360 | D        | Reached skill level 15 in Unarmed Combat
  1386 | D        | Noticed a rime drake
  1711 | D        | Killed a rime drake
  1734 | D        | Noticed a black mamba
  1734 | D        | Noticed a spiny frog
  1737 | D        | XOM: fog
  1756 | D        | XOM: cleaving
  1773 | D        | XOM: divination: detect creatures
  1823 | D        | XOM: harmless Fire miscast
  2023 | D        | XOM: give mutations
  2023 | D        | Gained mutation: You are agile. (Dex +2) [Xom's grace]
  2023 | D        | Gained mutation: You can translocate small distances at will. [Xom's grace]
  2023 | D        | Gained mutation: You passively map a small area around you. [Xom's grace]
  2027 | D        | Killed a spiny frog
  2027 | D        | Reached skill level 15 in Stealth
  2027 | D        | Reached skill level 16 in Unarmed Combat
  2041 | D        | Killed a black mamba
  2061 | D        | Reached XP level 10. HP: 33/48 MP: 11/11
  2181 | D        | XOM: scenery: 1 doors open
  2182 | D        | Noticed a spiny frog
  2185 | D        | XOM: confuse monster(s)
  2193 | D        | Reached skill level 17 in Unarmed Combat
  2206 | D        | XOM: cast spell 'Olgreb's Toxic Radiance'
  2210 | D        | Killed a spiny frog
  2305 | D        | XOM: cloud trail
  2324 | D        | XOM: noise
  2587 | D        | XOM: butterfly on damage
  2589 | D        | XOM: blink monster(s)
  2706 | D        | Noticed Harold
  2713 | D        | XOM: summons friendly iron imp
  2723 | D        | XOM: butterfly on damage
  2729 | D        | XOM: confuse monster(s)
  2730 | D        | Killed Harold
  2770 | D        | XOM: give mutation
  2864 | D        | Noticed an orc knight
  2877 | D        | XOM: summons 2 friendly demons
  2878 | D        | XOM: divination: detect creatures
  2896 | D        | XOM: enchant monster (bad)
  2898 | D        | Killed an orc knight
  2898 | D        | Reached skill level 18 in Unarmed Combat
  2904 | D        | XOM: confuse monster(s)
  2954 | D        | Noticed an orc sorcerer
  2962 | D        | Noticed a sun demon
  2982 | D        | XOM: cast spell 'Death Channel'
  2986 | D        | XOM: destruction
  2991 | D        | XOM: cast spell 'Conjure Ball Lightning'
  2995 | D        | Killed by an exploding ball lightning
  2996 | D        | Reached XP level 9. HP: -2/45 MP: 10/10
  3005 | D        | XOM: scenery: 1 doors close
  3010 | D        | Demolished by an orc warrior
  3011 | D        | Reached XP level 8. HP: -14/41 MP: 9/9
  3023 | D        | Noticed a moth of wrath
  3023 | D        | an orc sorcerer changed into a moth of wrath
  3023 | D        | XOM: polymorph orc sorcerer -> moth of wrath
  3025 | D        | Mangled by a moth of wrath

Skill      XL: |  1  2  3  4  5  6  7  8  9 10 |
---------------+-------------------------------+-----
Unarmed Combat | 5 6 7 9 10 11 13 14 16 18 | 18.3
Dodging        | 5 6 7 8 9 10 11 13 | 13.4
Stealth        | 1 2 4 5 8 10 13 15 16 | 16.8
Fighting       | 4 5 6 7 8 |  8.4

Action                   |  1- 3 |  4- 6 |  7- 9 | 10-12 || total
-------------------------+-------+-------+-------+-------++-------
Melee: Unarmed           |    39 |    12 |    85 |    81 ||   217
       Bite              |     3 |     1 |    18 |     4 ||    26
       Punch             |     1 |       |     8 |     5 ||    14
  Use: Potion            |       |       |     3 |     5 ||     8
 Stab: Sleeping          |     2 |     4 |     4 |     2 ||    12
       Distracted        |       |       |     2 |       ||     2
  Eat: Chunk             |     2 |     4 |       |       ||     6
Armor: Skin              |     2 |     1 |     2 |     1 ||     6
Dodge: Dodged            |    26 |     4 |    53 |    47 ||   130
